Map: Oxide LE

Players

CuKu

  • Race: Terran Terran
  • League: Grandmaster
  • Spawn Location: 7:00

Railgan - Winner!

  • Race: Zerg Zerg
  • League: Grandmaster
  • Spawn Location: 1:00

VOD

https://www.youtube.com/watch?v=qhdvstFWkIY&feature=youtu.be&ab_channel=Railgan

Description

Time

  • Played on: Jan. 11, 2021, 1:51 p.m.
  • Length: 6:46
Show
View Real Time Build Order
Export as new Build Order

CuKu Terran 

Build Orders: Reaper Expand 

Get SALT Encoding   

  12  0:00  SCV  
  13  0:13  SCV  
  14  0:17  Supply Depot  
  14  0:25  SCV  
  15  0:39  SCV  
  15  0:41  Barracks  
  16  0:47  Refinery  
  16  0:51  SCV  
  17  1:03  SCV  
  18  1:17  SCV  
  19  1:29  Orbital Command  
  19  1:32  Reaper  
  20  1:42  Command Center  
  20  1:55  SCV  
  20  1:57  Supply Depot  
  21  2:04  Marine  
  22  2:09  SCV  
  23  2:18  Factory  
  23  2:23  SCV  
  23  2:27  Barracks Reactor  
  24  2:35  SCV  
  24  2:44  Bunker  
  24  2:53  Command Center  
  24  2:56  SCV  
  25  3:03  Marine x2  
  27  3:06  Hellion  
  30  3:12  SCV  
  30  3:15  Orbital Command  
  30  3:25  SCV  
  30  3:27  Marine x2  
  30  3:29  Hellion  
  34  3:37  SCV  
  34  3:43  SCV  
  34  3:48  Marine x2  
  34  3:49  SCV  
  34  3:53  Hellion  
  34  3:55  SCV  
  39  4:01  SCV  
  39  4:03  Starport  
  39  4:06  Orbital Command  
  39  4:07  SCV  
  39  4:08  Marine  
  39  4:09  Marine  
  42  4:13  SCV  
  43  4:19  Refinery  
  43  4:20  SCV  
  44  4:25  SCV  
  44  4:28  Factory Tech Lab  
  45  4:31  SCV  
  45  4:33  SCV  
  45  4:37  SCV  
  48  4:40  Medivac  
  48  4:43  SCV  
  48  4:45  SCV  
  52  4:47  Engineering Bay  
  52  4:48  Engineering Bay  
  52  4:49  SCV  
  53  4:54  Factory Reactor  
  53  4:55  Barracks  
  53  4:56  SCV  
  53  4:57  Barracks, Stimpack  
  54  5:06  SCV  
  55  5:07  Supply Depot, Orbital Command  
  55  5:08  Supply Depot  
  55  5:13  Starport Tech Lab  
  55  5:19  SCV  
  56  5:24  SCV  
  56  5:26  Refinery  
  56  5:27  Refinery  
  55  5:30  Barracks  
  55  5:31  Barracks  
  55  5:32  SCV  
  56  5:36  SCV  
  53  5:44  Starport Reactor  
  53  5:50  Marine  
  51  5:59  Marine x3  
  51  6:00  Marine  
  51  6:01  Siege Tank  
  53  6:07  Marine  
  53  6:08  SCV  
  53  6:17  Marine x4  
  53  6:18  Marine x2  
  57  6:24  SCV  
  60  6:25  Marine  
Show
View Real Time Build Order
Export as new Build Order

Railgan Zerg - Winner!

Build Orders: Pool First 

Get SALT Encoding   

  12  0:01  Drone  
  13  0:16  Overlord  
  13  0:17  Drone  
  14  0:34  Drone x2  
  16  0:41  Spawning Pool  
  15  0:44  Drone  
  16  0:53  Drone  
  17  1:03  Drone  
  18  1:13  Hatchery  
  18  1:17  Extractor  
  16  1:20  Drone  
  16  1:21  Drone  
  18  1:28  Queen  
  20  1:33  Zergling x2  
  21  1:44  Roach Warren  
  20  1:48  Overlord  
  21  1:54  Drone  
  21  2:04  Drone  
  21  2:08  Queen  
  24  2:26  Queen  
  24  2:28  Roach x2  
  24  2:29  Roach  
  32  2:37  Drone  
  32  2:38  Drone x2  
  32  2:42  Drone  
  36  2:50  Overlord  
  36  3:07  Lair  
  36  3:08  Drone x4  
  36  3:11  Drone  
  41  3:13  Drone  
  41  3:17  Drone  
  41  3:18  Drone  
  44  3:26  Overlord  
  44  3:30  Extractor  
  43  3:39  Drone  
  44  3:47  Drone x4  
  44  3:58  Drone  
  44  3:59  Drone x5  
  48  4:05  Extractor x2  
  48  4:07  Glial Reconstitution  
  46  4:14  Overseer  
  46  4:15  Drone  
  46  4:16  Roach  
  49  4:20  Drone  
  49  4:21  Hatchery  
  49  4:24  Overlord  
  49  4:31  Roach  
  49  4:35  Overlord  
  49  4:36  Drone  
  49  4:38  Overlord  
  52  4:44  Roach x4  
  60  4:54  Overlord, Drone  
  60  4:59  Roach  
  69  5:00  Roach x4  
  69  5:05  Drone  
  69  5:06  Drone  
  73  5:07  Overlord  
  73  5:11  Drone  
  74  5:15  Evolution Chamber x2  
  74  5:16  Roach  
  74  5:23  Roach  
  74  5:27  Roach  
  74  5:28  Roach x2  
  82  5:32  Roach x2  
  85  5:40  Overlord  
  85  5:41  Roach x2  
  89  5:47  Overlord  
  87  6:08  Roach  
  87  6:09  Roach x6  
  99  6:12  Ravager x2  
  99  6:13  Ravager x4  
  105  6:20  Overlord  
  105  6:31  Drone x2  
Tags
 
Add a new tag
Caveats
  • Supply blocks, unpowered buildings, or Contaminate may cause inaccurate times.
  • Supply counts are checked every 10 seconds.